 Dungeon Crawl Stone Soup version 0.23-a0-666-g28d4f2f0af (webtiles) character file.

39 Notair the Chopper (level 3, 0/45 HPs)
             Began as a Minotaur Gladiator on Jan 8, 2019.
             Succumbed to an adder's poison
             ... on level 1 of the Dungeon.
             The game lasted 00:01:57 (810 turns).

Notair the Chopper (Minotaur Gladiator)              Turns: 810, Time: 00:01:58

Health: 0/45       AC: 21    Str: 16 (18) XL:     3   Next: 28%
Magic:  2/2        EV:  2    Int:  8 (11) God:
Gold:   72         SH:  0    Dex:  8 (11) Spells: 2/2 levels left

rFire    + . .     SeeInvis .   a - +0 war axe
rCold    + . .     Gourm    .   (no shield)
rNeg     + + +     Faith    .   (armour currently unavailable)
rPois    +         Spirit   .   (helmet currently unavailable)
rElec    +         Reflect  .   (cloak currently unavailable)
rCorr    +         Harm     .   (gloves currently unavailable)
MR       .....     NoTele   +   (boots currently unavailable)
Stlth    +.........             (no amulet)
HPRegen  0.15/turn              (no ring)
MPRegen  0.08/turn              (no ring)

@: brilliant, lethally poisoned (0 -> -2), tree-form, resistant
A: (retaliatory headbutt)
a: no special abilities


You were on level 1 of the Dungeon.
You were not hungry.
You were a tree.
You visited 1 branch of the dungeon, and saw 2 of its levels.

You collected 72 gold pieces.

Inventory:

Hand Weapons
 a - a +0 war axe (weapon)
Missiles
 d - 3 throwing nets (quivered)
 n - 14 stones
Armour
 b - a +0 leather armour
 c - a +0 hat (melded)
 m - a +0 chain mail (melded)
Scrolls
 j - a scroll of teleportation {unknown}
 k - a scroll of remove curse {unknown}
 l - a scroll of random uselessness {unknown}
Comestibles
 f - 2 rations


   Skills:
 + Level 2.9 Fighting
 * Level 4.3 Axes
 - Level 2.0 Throwing
 + Level 1.4 Armour
 + Level 3.6 Dodging


You had 2 spell levels left.
You didn't know any spells.
Your spell library was empty.

Dungeon Overview and Level Annotations

Branches:
Dungeon (2/15)

Altars:

Annotations:
D:1 Terence


Innate Abilities, Weirdness & Mutations

((You reflexively headbutt those who attack you in melee.))
((You have a pair of horns on your head.))


Message History

It was a potion of lignification.
You turn into a tree.
Your +0 hat melds into your body.
Your +0 chain mail melds into your body.
Your roots penetrate the ground.
The leopard gecko barely misses you. Terence screams, "I want your blood!"
It was a potion of resistance.
You feel protected.
* * * LOW HITPOINT WARNING * * *
You feel sick.
The leopard gecko bites you but does no damage. x2
It was a potion of brilliance.
You feel clever all of a sudden.
The leopard gecko bites you but does no damage.
You barely miss the leopard gecko.
The leopard gecko is heavily wounded.
The leopard gecko hisses menacingly.
The leopard gecko bites you but does no damage.
You barely miss the leopard gecko.
The leopard gecko is heavily wounded.
You die...

### #.#########################
#.#........................
#.#.####################### #.#.#
#.#.# ######### #.#.# #........
#.#.###############.######.
#.#.#.....♣lS@....#.######.
#######.#.#.###########.#........
.....##.#.#.#.........#.#........
####.##(#.#.#.#######.#.#........
........#.#.#.......#.#@#........
.###.####.#.#######.#.#.#........
.# #.# #.#.....[.....#.###.#####
.###.####.#############.###.#####
.........................†@......


You could see Terence, an adder and a leopard gecko.

Vanquished Creatures
  2 adders (D:1)
  A dart slug (D:1)
  4 bats (D:1)
  2 giant cockroaches (D:1)
  6 hobgoblins (D:1)
  A frilled lizard (D:1)
  A goblin (D:1)
  A kobold (D:1)
  A rat (D:1)
19 creatures vanquished.

Notes
Turn   | Place    | Note
-------+----------+-------------------------------------------
     0 | D:1      | Notair the Minotaur Gladiator began the quest for the Orb.
     0 | D:1      | Reached XP level 1. HP: 18/18 MP: 0/0
    97 | D:1      | Reached XP level 2. HP: 22/25 MP: 1/1
   246 | D:1      | Reached skill level 4 in Axes
   458 | D:1      | Reached skill level 1 in Armour
   719 | D:2      | Noticed Terence
   733 | D:1      | Reached XP level 3. HP: 24/30 MP: 2/2
   805 | D:1      | HP: 1/30 [leopard gecko (2)]
   810 | D:1      | Succumbed to an adder's poison

Vault maps used:
D:1:      dpeg_arrival_rooms_a
D:2:      uniq_terence

Skill      XL: |  1  2 |
---------------+-------+-----
Axes           | 4 |  4.3
Armour         | 1 |  1.4
Fighting       | |  2.9
Throwing       | |  2.0
Dodging        | |  3.6

Action                   || total
-------------------------++-------
Melee: War axe           ||    38
       Headbutt          ||     4
  Use: Potion            ||     4
Armor: Leather armour    ||     8
       Chain mail        ||    20
       Skin              ||     4
Dodge: Dodged            ||    35

Table legend:
 A = Non-vault XP
 B = Vault XP
 C = Vault XP percentage of total XP
 D = Non-vault monster count
 E = Vault monster count
 F = Vault count percentage of total count
                 A         B        C        D         E       F
            +---------+---------+-------+---------+---------+-------
      Total |      57 |       0 |   0.0 |      19 |       0 |   0.0
            +---------+---------+-------+---------+---------+-------
        D:1 |      57 |       0 |   0.0 |      19 |       0 |   0.0
            +---------+---------+-------+---------+---------+-------
